 Dungeon Crawl Stone Soup version 0.26.0-10-g1f06aea511 (webtiles) character file.

Game seed: 6093747907423588248

46 MysterY8s the Shield-Bearer (level 3, -11/29 HPs)
             Began as a Human Fighter on Jan 29, 2021.
             Killed from afar by an adder (21 damage)
             ... with an exploding inner flame
             ... on level 2 of the Dungeon.
             The game lasted 00:18:22 (1502 turns).

MysterY8s the Shield-Bearer (Human Fighter)         Turns: 1502, Time: 00:18:29

Health: -11/29     AC:  8    Str: 17    XL:     3   Next: 92%
Magic:  3/3        EV:  7    Int:  8    God:
Gold:   119        SH:  9    Dex: 12    Spells: 2/2 levels left

rFire    . . .     SeeInvis .   j - +0 mace
rCold    . . .     Faith    +   c - +0 kite shield
rNeg     . . .     Spirit   .   b - +0 scale mail
rPois    .         Reflect  .   (no helmet)
rElec    .         Harm     .   (no cloak)
rCorr    .         Rampage  .   k - +0 pair of gloves
Will     .....                  (no boots)
Stlth    ..........             t - amulet of faith
HPRegen  0.09/turn              (no ring)
MPRegen  0.08/turn              (no ring)

@: lethally poisoned (-11 -> -14)
A: no striking features
a: no special abilities


You were on level 2 of the Dungeon.
You visited 1 branch of the dungeon, and saw 2 of its levels.

You collected 119 gold pieces.

Inventory:

Hand Weapons
 a - a +0 flail
 i - a +0 dagger
 j - a +0 mace (weapon)
Missiles
 g - 20 arrows
 o - 21 bolts
 p - 21 poisoned darts (quivered)
Armour
 b - a +0 scale mail (worn)
 c - a +0 kite shield (worn)
 k - a +0 pair of gloves (worn)
 w - a +0 robe
Jewellery
 t - an amulet of faith (around neck)
Scrolls
 e - a scroll of fog {unknown}
 f - a scroll of teleportation {unknown}
 q - a scroll of random uselessness {unknown}
 u - a scroll of magic mapping
Potions
 d - a potion of might
 h - 2 potions of curing {unknown}
 l - a potion of resistance {unknown}
 m - 2 potions of heal wounds {unknown}
 n - a potion of magic {unknown}
 s - 2 potions of flight {unknown}
 v - a potion of lignification {unknown}


   Skills:
 + Level 3.2 Fighting
 + Level 2.3 Maces & Flails
 + Level 3.5 Armour
 + Level 0.1 Dodging
 + Level 0.3 Stealth
 + Level 3.6 Shields


You had 2 spell levels left.
You didn't know any spells.
Your spell library was empty.

Dungeon Overview and Level Annotations

Branches:
Dungeon (2/15)

Altars:


Message History

You block the adder's attack.
You miss the adder.
The adder is moderately wounded.
The adder bites you.
You are poisoned.
The adder poisons you! The adder bites you but does no damage.
You closely miss the adder.
The adder is moderately wounded.
You feel sick. You block the adder's attack. The adder bites you.
As you read the scroll labelled ASHRUQ WAYS, it crumbles to dust.
The creatures around you are filled with an inner flame!
It was a scroll of immolation.
The adder bites you but does no damage.
You hit the adder.
Flame seeps out of the adder.
The adder is severely wounded.
You feel sick.
The adder is engulfed in blazing flames.
The adder explodes!
The fiery explosion engulfs you!!
Ouch! That really hurt!
You die...

.# #.. .. .#
#.# .$.$
##.###.###....
#>. ......#...
#.###.........
#.##.......#
#.##.......#
#..........#
###.##@###.#
#.##○# #.##§§
#......
######.. ...
...# ..#


There were no monsters in sight!

Vanquished Creatures
  An iguana (D:2)
  An adder (D:2)
  2 giant cockroaches (D:1)
  3 goblins (D:1)
  6 jackals (D:1)
  3 kobolds (D:1)
  A frilled lizard (D:1)
  A rat (D:1)
18 creatures vanquished.

Notes
Turn   | Place    | Note
-------+----------+-------------------------------------------
     0 | D:1      | MysterY8s the Human Fighter began the quest for the Orb.
     0 | D:1      | Reached XP level 1. HP: 18/18 MP: 1/1
   223 | D:1      | Reached XP level 2. HP: 19/24 MP: 2/2
  1311 | D:1      | Reached XP level 3. HP: 29/29 MP: 3/3
  1502 | D:2      | Killed from afar by an adder

Illustrated notes

Levels and vault maps discovered:
D:1:      evilmike_arrival_plus, layout_basic, minmay_ruptured
D:2:      minmay_diamond_boxcup, layout_loops_ring, serial_undead,
          serial_undead_a, serial_undead_a, serial_undead_f, serial_undead_d,
          serial_undead_f, serial_undead_a, minmay_worlds_worst_comb

Action                   || total
-------------------------++-------
Melee: Flail             ||    25
       Mace              ||    48
  Use: Scroll            ||     2
Armor: Scale mail        ||    36
Dodge: Dodged            ||    30
Block: Kite shield       ||    31
